 Dungeon Crawl Stone Soup version 0.29-a0-371-g91724d5b39 (webtiles) character file.

Game seed: 972128685091945751

207 spaghetti the Ducker (level 5, -7/38 HPs)
             Began as a Demonspawn Brigand on May 3, 2022.
             Mangled by Pikel
             ... wielding a +1 whip of electrocution
              (11 damage)
             ... on level 3 of the Dungeon.
             The game lasted 00:05:45 (3716 turns).

spaghetti the Ducker (Demonspawn Brigand)           Turns: 3716, Time: 00:05:45

Health: -7/38      AC:  0    Str: 12    XL:     5   Next: 54%
Magic:  5/5        EV: 23    Int: 12    God:
Gold:   190        SH:  0    Dex: 21    Spells: 4/4 levels left

rFire   . . .      SeeInvis .   (weapon currently unavailable)
rCold   . . .      Faith    .   (shield currently unavailable)
rNeg    . . .      Spirit   .   (body armour currently unavailable)
rPois   .          Reflect  .   (helmet currently unavailable)
rElec   .          Harm     .   (cloak currently unavailable)
rCorr   .          Rampage  .   (gloves currently unavailable)
Will    .....                   (boots currently unavailable)
Stlth   +++.......              (no amulet)
HPRegen 0.12/turn               (ring currently unavailable)
MPRegen 0.09/turn               (ring currently unavailable)

@: brilliant, bat-form, attractive, flying, hasted, very quick
A: fast, flying, no casting, tiny, (demonic touch 2)
a: no special abilities


You were on level 3 of the Dungeon.
You were a bat.
You visited 1 branch of the dungeon, and saw 4 of its levels.

You collected 190 gold pieces.


Innate Abilities, Weirdness & Mutations

You are a bat.
You are tiny and dextrous.
You move quickly.
You are flying.
Your equipment is almost entirely melded.
You are incapable of wielding weapons or throwing items.
You cannot cast spells.
((Your touch may inflict irresistible damage on your foes.))


   Skills:
 - Level 2.0 Fighting
 - Level 1.7 Short Blades
 - Level 1.7 Throwing
 + Level 5.1 Dodging
 - Level 3.6 Stealth


You had 4 spell levels left.
You didn't know any spells.
Your spell library contained the following spells:

 Spells                   Type           Power      Damage    Failure   Level
 Apportation              Tloc           0%         N/A       32%         1
 Alistair's Intoxication  Tmut/Pois      0%         N/A       100%        5

Inventory:

Hand Weapons
 a - a +2 dagger {short}
 h - a +1 dagger of draining {short}
   (You took it off a goblin on level 1 of the Dungeon)
 t - a +3 dagger {short}
   (You took it off a kobold on level 2 of the Dungeon)
 u - a +0 mace of pain {mace}
   (You found it on level 2 of the Dungeon)
 v - the +9 mace "Azxo Mawa" {freeze, rN+ Str+3, mace}
   (You found it on level 2 of the Dungeon)

   It freezes those it strikes, dealing additional cold damage.
   It can also slow down cold-blooded creatures.
   Str:       It affects your strength (+3).
   rN:        It protects you from negative energy.
 x - the +8 mace "Arbiter" (melded) {pain, Fragile rPois Dex+10 SInv, mace}
   (You found it on level 2 of the Dungeon)

   In the hands of one skilled in necromantic magic, it inflicts extra damage on
   living creatures.
   Dex:       It affects your dexterity (+10).
   rPois:     It protects you from poison.
   SInv:      It lets you see invisible.
   Fragile:   It will be destroyed if unequipped.
Missiles
 d - 11 poisoned darts {throwing}
 e - 3 curare-tipped darts {=fthrowing}
 g - 76 stones (quivered) {throwing}
 o - 3 atropa-tipped darts {throwing}
 y - 2 boomerangs {throwing}
Armour
 b - a +0 robe (melded)
 c - a +0 cloak (melded)
 r - a +0 helmet (melded)
   (You found it on level 2 of the Dungeon)
Jewellery
 f - a +4 ring of evasion (melded)
   (You found it on level 1 of the Dungeon)
 p - a ring of protection from fire
   (You found it on level 2 of the Dungeon)
Wands
 w - a wand of flame (12)
   (You took it off Crazy Yiuf on level 2 of the Dungeon)
Scrolls
 i - 2 scrolls of identify {unknown}
 k - a scroll of torment {unknown}
 l - a scroll of silence {unknown}
 m - a scroll of vulnerability {unknown}
 s - 2 scrolls of teleportation {unknown}
 A - a scroll of noise {unknown}
 C - a scroll of brand weapon {unknown}

Dungeon Overview and Level Annotations

Branches:
Dungeon (4/15)
 Temple: D:4-7

Altars:
Trog
Zin

Shops:
D:2 :

Annotations:
D:1 1 runed translucent door
D:3 3 runed translucent doors, Pikel; jujuben's ghost, amateur GnDe

...###..###.##..#......#..#
#....##.....##..##....##..#
#....#.###......#....#..##
Z##...#.###.####........#####
.$#...+..##.#...............#
."#...+.......##.####.#####.#####
.##Z..+..##.####.####.####.§.....
.#....#.....####.##...##.......#.
##...Z#.###.....b##...##....#..#.
#....##.# #.#####Kl§§...§...#....
....##..###.## #5§.§§......##.#.
..###..###...# #................
###...## #...# ###.§§##.......##
....#.# #...# #..............
##.##.####...#######.#.#.##......
##.##§§§.§§.§§§§.##§..#.#.#.#.#..
#.§.§...........§§§..............


You could see Pikel, a lemure and a frilled lizard.


Message History

😕 HP[+1]
You barely miss Pikel. The lemure hits you. Pikel closely misses you.
The lemure barely misses you. Pikel closely misses you. 😕 HP[-1]
You take 1 damage, and now have 33/38 hp.
You thump Pikel! Your touch misses Pikel. The lemure hits you.
Pikel hits you with a +1 whip of electrocution! 😮 HP[-13]
You take 13 damage, and now have 20/38 hp.
MASSIVE DAMAGE!! (PAUSE) Unknown command.
You completely miss Pikel. Your touch misses Pikel.
The lemure completely misses you.
Pikel zaps a wand.
You resist with some effort.
Unknown command.
Unknown command.
You hit Pikel but do no damage. The lemure barely misses you.
Pikel waves his whip at you. Pikel barely misses you.
The lemure barely misses you.
Pikel hits you with a +1 whip of electrocution!
* * * LOW HITPOINT WARNING * * *
😨 HP[-9]
You take 9 damage, and now have 11/38 hp.
MASSIVE DAMAGE!! (PAUSE) Unknown command.
Okay, then.
Okay, then.
Okay, then.
It was a potion of brilliance.
You feel clever all of a sudden. The lemure closely misses you.
Pikel completely misses you.
It was a potion of haste.
You feel yourself speed up. The lemure closely misses you.
Pikel hits you with a +1 whip of electrocution.
* * * LOW HITPOINT WARNING * * *
😱 HP[-6]
You take 6 damage, and now have 5/38 hp.
It was a potion of magic.
Magic courses through your body. 😱 HP[+1] Unknown command.
Unknown command.
It was a potion of curing.
You feel better.
Pikel hits you with a +1 whip of electrocution!
* * * LOW HITPOINT WARNING * * *
The lemure barely misses you. 😱 HP[-3]
You take 3 damage, and now have 3/38 hp.
It was a potion of attraction.
You feel attractive to monsters. The lemure closely misses you.
Pikel zaps a wand.
You turn into a bat.
The +8 mace "Arbiter" {pain, Fragile rPois Dex+10 SInv, mace} melds into your body.
Your +0 cloak melds into your body.
Your +0 helmet melds into your body.
Your +0 robe melds into your body.
Your +4 ring of evasion melds into your body.
You fly upwards.
Level annotation: 3 runed translucent doors, jujuben's ghost, amateur GnDe
There is a stone staircase leading down here.
Unknown command.
Unknown command.
Unknown command.
Pikel is attracted toward you. The lemure is attracted toward you.
Pikel is attracted toward you. The lemure is attracted toward you.
Pikel is attracted toward you. The lemure is attracted toward you.
Pikel is attracted toward you. The lemure is attracted toward you.
Pikel is attracted toward you. The lemure is attracted toward you.
Pikel is attracted toward you. The lemure is attracted toward you.
Pikel is attracted toward you.
The lemure is attracted toward you. 😱 HP[+1] Pikel is attracted toward you.
The lemure is attracted toward you. Pikel is attracted toward you.
The lemure is attracted toward you. Pikel is attracted toward you.
The lemure is attracted toward you. Pikel is attracted toward you.
The lemure is attracted toward you.
A frilled lizard comes into view.
Pikel is attracted toward you. The lemure is attracted toward you.
The frilled lizard is attracted toward you.
The frilled lizard is attracted toward you.
Pikel is attracted toward you. The lemure is attracted toward you.
The frilled lizard is attracted toward you.
Pikel is attracted toward you. The lemure is attracted toward you.
The frilled lizard is attracted toward you.
Pikel misses you. Pikel is attracted toward you.
The frilled lizard is attracted toward you.
Aiming: Throw Flame
Press: ? - help, Shift-Dir - straight line, f - Pikel
Aim: Pikel, wielding a +1 whip of electrocution, wearing a +0 robe of cold resistance and carrying a wand of polymorph (9) (severely wounded, 60% to hit)
The puff of flame hits Pikel.
The frilled lizard hisses angrily.
Pikel barely misses you.
The frilled lizard is attracted toward you.
Aiming: Throw Flame
Press: ? - help, Shift-Dir - straight line, f/p - Pikel
Aim: Pikel, wielding a +1 whip of electrocution, wearing a +0 robe of cold resistance and carrying a wand of polymorph (9) (severely wounded, 60% to hit)
The puff of flame hits Pikel but does no damage.
Pikel hits you with a +1 whip of electrocution!
You die...

Skill      XL: |  1  2  3  4  5 |
---------------+----------------+-----
Dodging        | 1 2 3 4 5 |  5.1
Fighting       | |  2.0
Short Blades   | |  1.7
Throwing       | |  1.7
Stealth        | |  3.6

Action                   |  1- 3 |  4- 6 || total
-------------------------+-------+-------++-------
Melee: Dagger            |    99 |       ||    99
       Touch             |    14 |    12 ||    26
       Mace              |     2 |    55 ||    57
       Punch             |       |     1 ||     1
Throw: Dart              |     2 |       ||     2
       Stone             |       |    86 ||    86
Evoke: Wand              |       |     2 ||     2
  Use: Potion            |       |     5 ||     5
 Stab: Sleeping          |     6 |     1 ||     7
Armor: Robe              |    22 |     2 ||    24
Dodge: Dodged            |   112 |    67 ||   179

Levels and vault maps discovered:
D:1:      dpeg_arrival_caged_fury, layout_basic, st_stairs_2
D:2:      kennysheep_big_flooded_room, layout_basic, serial_forest,
          infiniplex_forest_clump_long, infiniplex_forest_clump_medium,
          infiniplex_forest_clump_cross, infiniplex_forest_clump_small,
          infiniplex_forest_clump_medium, serial_shops, shop,
          uniq_crazy_yiuf_cottage
D:3:      layout_loops_cross, mainiacjoe_overflow_catwalk, gammafunk_ghost_icy,
          minmay_misc_feat_doors, minmay_misc_feat_four_crosses,
          minmay_misc_feat_iff
D:4:      layout_loops_ring, gammafunk_temple_overflow_claw,
          lemuel_crystal_altar, uniq_pikel, uniq_sigmund

Notes
Turn   | Place    | Note
-------+----------+-------------------------------------------
     0 | D:1      | spaghetti the Demonspawn Brigand began the quest for the
                  | Orb.
     0 | D:1      | Reached XP level 1. HP: 16/16 MP: 1/1
     0 | D:1      | magus.rc [v1.9.6]
     1 | D:1      | Found a runed translucent door.
     2 | D:1      | Noticed a jelly
    37 | D:1      | Reached skill level 1 in Dodging
    96 | D:1      | You feel monstrous as your demonic heritage exerts itself.
    96 | D:1      | Discovered your monstrous ancestry.
    96 | D:1      | Gained mutation: Your touch may inflict minor irresistible
                  | damage on your foes. [demonic ancestry]
    96 | D:1      | Reached XP level 2. HP: 9/21 MP: 2/2
    98 | D:1      | Reached skill level 2 in Dodging
   497 | D:1      | HP: 5/22 [frozen (3)]
   898 | D:1      | Reached XP level 3. HP: 27/27 MP: 3/3
  1477 | D:2      | Found Untikhlu's Book Emporium.
  1757 | D:2      | Reached skill level 3 in Dodging
  2232 | D:2      | Found a runed translucent door.
  2234 | D:2      | Noticed Crazy Yiuf
  2236 | D:2      | Identified the +9 mace "Azxo Mawa" {freeze, rN+ Str+3}
  2533 | D:2      | Killed Crazy Yiuf
  2534 | D:2      | Reached XP level 4. HP: 23/33 MP: 4/4
  2536 | D:2      | Identified the +8 mace "Arbiter" {pain, Fragile rPois
                  | Dex+10 SInv}
  2721 | D:3      | Reached skill level 4 in Dodging
  2732 | D:3      | Gained mutation: Your touch may inflict irresistible damage
                  | on your foes. [demonic ancestry]
  2732 | D:3      | Reached XP level 5. HP: 20/38 MP: 5/5
  2913 | D:3      | Found a runed translucent gate.
  2913 | D:3      | Found a runed translucent gate.
  2913 | D:3      | Found a runed translucent gate.
  3220 | D:3      | Noticed jujuben's ghost (amateur GnDe)
  3333 | D:3      | Reached skill level 5 in Dodging
  3452 | D:3      | Found a bloodstained altar of Trog.
  3522 | D:3      | You pick up a book of Party Tricks and begin reading...
  3522 | D:3      | You add the spells Apportation and Alistair's Intoxication
                  | to your library.
  3666 | D:4      | Noticed Pikel
  3666 | D:4      | Noticed a lemure
  3666 | D:4      | Noticed a lemure
  3666 | D:4      | Noticed a lemure
  3668 | D:4      | Noticed a lemure
  3684 | D:4      | HP: 5/38 [Pikel/+1 whip of electrocution (6)]
  3716 | D:3      | Mangled by Pikel

Vanquished Creatures
  Crazy Yiuf (D:2)
  A gnoll shaman (D:3)
  4 gnolls (D:3)
  3 adders
  A worm (D:3)
  A dart slug (D:3)
  4 orcs (D:3)
  4 bats
  6 endoplasms
  14 goblins
  6 hobgoblins
  2 jackals (D:3)
  3 quokkas
  9 ball pythons
  4 frilled lizards (D:1)
  6 kobolds
  3 rats
72 creatures vanquished.

Table legend:
 A = Non-vault XP
 B = Vault XP
 C = Vault XP percentage of total XP
 D = Non-vault monster count
 E = Vault monster count
 F = Vault count percentage of total count
                 A         B        C        D         E       F
            +---------+---------+-------+---------+---------+-------
      Total |     249 |      47 |  15.9 |      67 |       5 |   6.9
            +---------+---------+-------+---------+---------+-------
        D:1 |      43 |       3 |   6.5 |      27 |       2 |   6.9
        D:2 |      31 |      44 |  58.7 |      11 |       3 |  21.4
        D:3 |     173 |       0 |   0.0 |      28 |       0 |   0.0
        D:4 |       2 |       0 |   0.0 |       1 |       0 |   0.0
            +---------+---------+-------+---------+---------+-------

Illustrated notes

Table legend:
 A = Kills in this place as a percentage of kills in entire the game.
 B = Kills by you in this place as a percentage of kills by you in the entire game.
 C = Kills by friends in this place as a percentage of kills by friends in the entire game.
 D = Other kills in this place as a percentage of other kills in the entire game.
 E = Experience gained in this place as a percentage of experience gained in the entire game.
 F = Experience gained in this place divided by the number of levels of this place that you have seen.
                   A       B       C       D       E      F
               +-------+-------+-------+-------+-------+----------------------
         Total | 100.0 | 100.0 |   N/A |   N/A | 100.0 |  74.0
       Dungeon | 100.0 | 100.0 |   N/A |   N/A | 100.0 |  74.0
               +-------+-------+-------+-------+-------+----------------------

Table legend: (Time is in decaauts)
 A = Elapsed time spent in this place.
 B = Non-inter-level travel time spent in this place.
 C = Inter-level travel time spent in this place.
 D = Time resting spent in this place.
 E = Time spent auto-exploring this place.
 F = Levels seen in this place.
 G = Mean time per level.
                   A        B        C        D        E       F      G
               +--------+--------+--------+--------+--------+-----+--------+
         Total |   3723 |   3686 |     37 |    596 |   2559 |   4 |  930.8 |
       Dungeon |   3723 |   3686 |     37 |    596 |   2559 |   4 |  930.8 |
               +--------+--------+--------+--------+--------+-----+--------+

Top non-repeatable levels by time:
     D:1: 1400 daAuts
     D:2: 1243 daAuts
     D:3: 1053 daAuts
     D:4: 26 daAuts
